 Dungeon Crawl Stone Soup version bcrawl-1.27.3 (webtiles) character file.

Game seed: 10620384950846472651

73376 pasperui the Sneak (level 1, -1/19 HPs)
             Began as a Naga Sloth Apostle on Oct 15, 2020.
             Was an Initiate of Cheibriados.
             Slain by a kobold (2 damage)
             ... on level 1 of the Dungeon.
             The game lasted 00:00:53 (120 turns).

pasperui the Sneak (Naga Sloth Apostle)              Turns: 120, Time: 00:00:53

Health: -1/19      AC:  1    Str: 15    XL:     1   Next: 60%
Magic:  2/2        EV:  6    Int: 13    God:    Cheibriados [......]
Gold:   22         SH:  8    Dex: 11    Spells: 1/2 levels left

rFire    . . .     SeeInvis +   a - +0 falchion
rCold    . . .     Gourm    .   c - +0 medium shield
rNeg     . . .     Faith    .   b - +0 robe
rPois    +         Spirit   .   (no helmet)
rElec    .         Reflect  .   (no cloak)
rCorr    .         Harm     .   (no gloves)
MR       .....                  (no barding)
Stlth    +++.......             (no amulet)
HPRegen  0.06/turn              i - ring of flight
MPRegen  0.08/turn              (no ring)

@: hasted, slow
A: large, see invisible, deformed body, poison resistance, slowness 2, slow
metabolism 1, spit poison 1, AC +0
a: Spit Poison, Bend Time, Renounce Religion, Evoke Flight


You were on level 1 of the Dungeon.
You worshipped Cheibriados.
Cheibriados was noncommittal.
You were not hungry.

You visited 1 branch of the dungeon, and saw 1 of its levels.

You collected 22 gold pieces.

Inventory:

Hand Weapons
 a - a +0 falchion (weapon)
Missiles
 k - 162 sling bullets
Armour
 b - a +0 robe (worn)
 c - a +0 medium shield (worn)
Jewellery
 i - a ring of flight (left hand)
Wands
 d - a wand of paralysis (10)
Scrolls
 f - a scroll of remove curse {unknown}
 g - a scroll of teleportation {unknown}
Potions
 j - a potion of resistance {unknown}
Comestibles
 e - a ration {!d}


   Skills:
 + Level 2.1 Fighting
 + Level 2.0 Long Blades
 + Level 4.9 Stealth
 + Level 1.5 Shields
 + Level 1.0 Spellcasting
 + Level 1.2 Hexes
 + Level 1.1 Evocations


You had one spell level left.
You knew the following spells:

 Your Spells              Type           Power        Failure   Level  Hunger
a - Slow                  Hex            #.......     77%         1    None
Your spell library was empty.

Dungeon Overview and Level Annotations

Branches:
Dungeon (1/12)

Altars:


Innate Abilities, Weirdness & Mutations

You cannot wear boots.
Your serpentine skin is tough. (AC +0)
You have supernaturally acute eyesight. (SInv)
Armour fits poorly on your strangely shaped body.
Your system is resistant to poisons. (rPois)
You cover ground very slowly.
You have a slow metabolism.
You can spit poison.


Message History

The giant cockroach bites you.
* * * LOW HITPOINT WARNING * * *
The giant cockroach bites you but does no damage.
The giant cockroach barely misses you.
You closely miss the giant cockroach. The giant cockroach barely misses you.
You closely miss the giant cockroach. The giant cockroach bites you.
* * * LOW HITPOINT WARNING * * *
The giant cockroach bites you.
* * * LOW HITPOINT WARNING * * *
It was a potion of haste.
You feel yourself speed up.
Cheibriados forgives your accidental hurry, just this once.
The giant cockroach bites you.
* * * LOW HITPOINT WARNING * * *
You hit the giant cockroach but do no damage.
You block the giant cockroach's attack.
You hit the giant cockroach.
You kill the giant cockroach!
Cheibriados appreciates the change of pace.
You closely miss the kobold. The kobold hits you.
You die...

####.#### #........###
........# .#..###...###
........##.#....#.#....
..(.....##.#....#.#....
.....?.?##.#....#.#....
........##.#....).#....
.....K..##.##.....#....
#######K...............
#@......#....###..
#.......#....# #..
#.......###### #..
#...........# #..
#...........####..
#.................
#......#....######
#......###### #......#


You could see a kobold.

Vanquished Creatures
  2 giant cockroaches (D:1)
  A goblin (D:1)
  A kobold (D:1)
4 creatures vanquished.

Notes
Turn   | Place    | Note
-------+----------+-------------------------------------------
     0 | D:1      | pasperui the Naga Sloth Apostle began the quest for the
                  | Orb.
     0 | D:1      | Reached XP level 1. HP: 19/19 MP: 2/2
   120 | D:1      | Slain by a kobold

Action                   || total
-------------------------++-------
Melee: Falchion          ||    24
  Use: Potion            ||     1
Armor: Robe              ||     3
Dodge: Dodged            ||    10
Block: Medium shield     ||    12
